 Dungeon Crawl Stone Soup version 0.22-a0-373-gab1296c (webtiles) character file.

5410 iamserjio the Quickloader (level 10, 0/61 HPs)
             Began as a Kobold Hunter on Apr 25, 2018.
             Was a Priest of Okawaru.
             Killed from afar by a shock serpent (21 damage)
             ... with a bolt of electricity
             ... on level 10 of the Dungeon.
             The game lasted 01:06:42 (13879 turns).

iamserjio the Quickloader (Kobold Hunter)          Turns: 13879, Time: 01:06:43

Health: 0/61       AC: 18    Str: 13    XL:     10   Next: 99%
Magic:  12/13      EV: 26    Int: 12    God:    Okawaru [***...]
Gold:   84         SH:  7    Dex: 16    Spells: 9/9 levels left

rFire    . . .     SeeInvis .   a - +1 hand crossbow
rCold    . . .     Gourm    .   m - +0 buckler
rNeg     . . .     Faith    .   c - +0 leather armour
rPois    .         Spirit   .   H - +0 helmet
rElec    .         Reflect  .   P - +2 cloak
rCorr    .         Harm     .   g - +2 pair of gloves
MR       .....                  w - +2 pair of boots
Stlth    ++++++....             (no amulet)
HPRegen  0.20/turn              h - +3 ring of protection
MPRegen  0.13/turn              r - ring of stealth

@: heroism, very slightly contaminated
A: small, carnivore
a: Heroism, Renounce Religion


You were on level 10 of the Dungeon.
You worshipped Okawaru.
Okawaru was most pleased with you.
You were very full.

You visited 2 branches of the dungeon, and saw 11 of its levels.
You also visited: Ossuary.

You collected 616 gold pieces.
You spent 532 gold pieces at shops.

Inventory:

Hand Weapons
 a - a +1 hand crossbow (weapon)
 q - a +1 whip of electrocution
 B - a +6 club
 D - a +0 short sword of draining
 R - a +2 short sword of venom
Missiles
 d - 50 bolts (quivered)
 i - 114 arrows
 t - 276 stones
Armour
 c - a +0 leather armour (worn)
 g - a +2 pair of gloves (worn)
 m - a +0 buckler (worn)
 w - a +2 pair of boots (worn)
 G - the +5 ring mail of Ucloid {Dex+6 Slay-5 SInv}
   (You found it on level 8 of the Dungeon)

   It affects your dexterity (+6).
   It affects your accuracy and damage with ranged weapons and melee attacks
   (-5).
   It lets you see invisible.
 H - a +0 helmet (worn)
 P - a +2 cloak (worn)
 T - a cursed -1 ring mail
Jewellery
 h - a +3 ring of protection (left hand)
 r - a ring of stealth (right hand)
 U - an uncursed ring of resist corrosion
Wands
 y - a wand of enslavement (13)
 C - a wand of polymorph (15)
 M - a wand of digging (17)
 Z - a wand of clouds (6)
Scrolls
 j - 5 scrolls of teleportation
 n - 2 scrolls of immolation
 p - a scroll of amnesia
 s - a scroll of silence {unknown}
 v - 2 scrolls of fog {unknown}
 x - a scroll of fear
 z - a scroll of random uselessness
 F - 3 scrolls of enchant weapon
 I - a scroll of blinking
 L - 3 scrolls of magic mapping
 O - 2 scrolls of identify
 Y - a scroll of remove curse
Potions
 b - a potion of might {unknown}
 e - 3 potions of agility
 k - a potion of ambrosia {unknown}
 l - a potion of haste {unknown}
 o - a potion of lignification {unknown}
 u - a potion of heal wounds {unknown}
 A - 2 potions of brilliance {unknown}
 E - 2 potions of magic
 J - 3 potions of cancellation
 K - a potion of berserk rage {unknown}
 N - 2 potions of flight
 Q - a potion of resistance
 X - a potion of curing
Comestibles
 f - 13 rations
 S - 2 chunks of flesh


   Skills:
 + Level 6.3(11.3) Fighting
 - Level 11.0(16.0) Crossbows
 - Level 3.0(8.0) Armour
 * Level 9.5(14.5) Dodging
 - Level 7.0(12.0) Stealth
 - Level 4.0(9.0) Shields
 - Level 5.0 Evocations


You had 9 spell levels left.
You didn't know any spells.

Dungeon Overview and Level Annotations

Branches:
Dungeon (10/15)            Temple (0/1) D:7             Orc (1/2) D:9
   Lair: D:8-11

Altars:
Ashenzari
Dithmenos
Elyvilon
Fedhas
Gozag
Hepliaklqana
Kikubaaqudgha
Makhleb
Okawaru
Ru
Vehumet
Xom
Beogh

Shops:
D:4 !


Innate Abilities, Weirdness & Mutations

You are small and have problems with some larger weapons.
You are carnivorous and can eat meat at any time.


Message History

You hear a shout!
The shock serpent bites you. The shock serpent shocks you!
Firing (i - inventory. (/) - cycle)
d - 51 bolts (quivered)
Press: ? - help, Shift-Dir - straight line, f/p - shock serpent
Aim: a shock serpent (moderately wounded)
You shoot a bolt.
The bolt barely misses the shock serpent.
The shock serpent bites you. The shock serpent shocks you!
You block the shock serpent's attack.
You are too injured to fight recklessly!
You are too injured to fight recklessly!
Blink to where?
Press: ? - help, Dir - move target cursor, p - shock serpent You are very lightly contaminated with residual magic.
As you read the scroll of blinking, it crumbles to dust.
The shock serpent shoots out a bolt of lightning at you!
The bolt of electricity misses you.
The shock serpent shoots out a bolt of lightning at you!
The bolt of electricity hits you!
You die...

## ### ##### .(# #.#### #...#
#.(# #.##.# #...#
#..####.#..###### ######...##
###.(#......##...######..........
.K..........##.#.....##.......>.<
.........S....>..###..#..........
..<..........#.#@.###............
..........[...)..................
##...........####.##.............
##..........# #.##.#...........
##.........# #....#..)........
##........# #..###...........
##.......# #.##....>####.###
#.......# #..#..#### #.#
#........ #..... .#


You could see a shock serpent.

Vanquished Creatures
  A glowing orange brain (D:8)
  A hippogriff (D:7)
  A hornet (D:7)
  A dream sheep (D:9)
  Sigmund (D:3)
  5 yaks (D:9)
  A water moccasin (D:9)
  5 orc warriors
  A sky beast (D:7)
  2 phantoms
  2 centaurs
  5 ogres
  An elf zombie (Ossuary)
  2 big kobolds (D:8)
  2 bullfrogs
  A wyvern skeleton (D:9)
  A scorpion (D:9)
  5 killer bees
  2 howler monkeys
  4 crimson imps
  2 centaur zombies (Ossuary)
  4 hounds
  2 human zombies (Ossuary)
  3 bullfrog skeletons
  3 orc priests
  A centaur skeleton (D:6)
  Jessica (D:3)
  3 orc wizards
  Ijyb (D:4)
  5 iguanas
  2 worker ants
  A killer bee zombie (D:5)
  2 mummies (Ossuary)
  Robin (D:2)
  A worker ant zombie (D:9)
  8 adders
  A shadow imp (D:6)
  An ooze (D:7)
  2 adder zombies
  3 worms
  6 dart slugs
  4 leopard geckos
  41 orcs
  4 ball pythons
  8 bats
  10 giant cockroaches
  13 goblins
  5 hobgoblins
  14 jackals
  18 kobolds
  9 quokkas
  4 frilled lizards
  3 goblin zombies
  9 hobgoblin zombies (Ossuary)
  2 jackal zombies (Ossuary)
  5 kobold zombies (Ossuary)
  4 leopard gecko skeletons
  12 orc zombies (Ossuary)
  A quokka skeleton (D:5)
  16 rats
  A rat zombie (D:4)
280 creatures vanquished.

Vanquished Creatures (collateral kills)
  2 orcs (D:8)
2 creatures vanquished.

Vanquished Creatures (others)
  An orc wizard (D:5)
  An orc (D:8)
2 creatures vanquished.

Grand Total: 284 creatures vanquished

Notes
Turn   | Place    | Note
-------+----------+-------------------------------------------
     0 | D:1      | iamserjio the Kobold Hunter began the quest for the Orb.
     0 | D:1      | Reached XP level 1. HP: 12/12 MP: 1/1
    95 | D:1      | Reached skill level 5 in Crossbows
   137 | D:1      | Reached XP level 2. HP: 15/17 MP: 2/2
   272 | D:1      | Reached XP level 3. HP: 21/21 MP: 3/3
  1096 | D:2      | Reached XP level 4. HP: 26/26 MP: 4/4
  1098 | D:2      | Reached skill level 6 in Crossbows
  1571 | D:2      | Found a burning altar of Makhleb.
  2046 | D:3      | Noticed Jessica
  2157 | D:3      | Reached XP level 5. HP: 30/30 MP: 5/5
  2189 | D:3      | Found a sacrificial altar of Ru.
  2237 | D:3      | Killed Jessica
  2549 | D:3      | Reached skill level 7 in Crossbows
  2629 | D:3      | Noticed Sigmund
  2636 | D:3      | Noticed Robin
  2915 | D:2      | Killed Robin
  2986 | D:3      | Killed Sigmund
  2986 | D:3      | Reached skill level 8 in Crossbows
  2986 | D:3      | Reached skill level 5 in Dodging
  2986 | D:3      | Reached XP level 6. HP: 30/35 MP: 6/6
  3405 | D:4      | Found Ysigoxif's Distillery.
  3433 | D:4      | Found a shattered altar of Ashenzari.
  3484 | D:4      | Found a sand-covered staircase.
  3504 | Ossuary  | Entered an ossuary
  3519 | Ossuary  | Reached XP level 7. HP: 40/40 MP: 7/7
  4163 | D:4      | Noticed Ijyb
  4184 | D:4      | Bought a potion of degeneration for 14 gold pieces
  4184 | D:4      | Bought a potion of curing for 42 gold pieces
  4184 | D:4      | Bought a potion of invisibility for 112 gold pieces
  4381 | D:4      | Found a shadowy altar of Dithmenos.
  4403 | D:4      | Killed Ijyb
  4562 | D:5      | Entered Level 5 of the Dungeon
  4594 | D:5      | Reached XP level 8. HP: 41/45 MP: 8/8
  4815 | D:5      | Reached skill level 5 in Stealth
  5456 | D:5      | Found a white marble altar of Elyvilon.
  5966 | D:5      | Reached skill level 1 in Armour
  6712 | D:6      | Found a shimmering altar of Xom.
  7038 | D:6      | Reached skill level 1 in Evocations
  7253 | D:6      | Found an iron altar of Okawaru.
  7261 | D:6      | Became a worshipper of Warmaster Okawaru
  7820 | D:5      | Reached skill level 1 in Shields
  8085 | D:5      | Found a radiant altar of Vehumet.
  8086 | D:5      | Found a burning altar of Makhleb.
  8283 | D:7      | Noticed a hornet
  8293 | D:7      | Paralysed by a hornet for 2 turns
  8301 | D:7      | Killed a hornet
  8301 | D:7      | Reached XP level 9. HP: 10/51 MP: 11/11
  8924 | D:7      | Noticed a hippogriff
  8946 | D:7      | Killed a hippogriff
  8946 | D:7      | Reached * piety under Okawaru
  9223 | D:7      | Found a staircase to the Ecumenical Temple.
 10003 | D:8      | Noticed a two-headed ogre
 10009 | D:8      | Reached skill level 5 in Evocations
 10105 | D:8      | Got a distressingly furry ring mail
 10233 | D:8      | Found an opulent altar of Gozag.
 10264 | D:8      | Reached skill level 9 in Crossbows
 10356 | D:8      | Reached ** piety under Okawaru
 10394 | D:8      | Reached XP level 10. HP: 40/58 MP: 13/13
 10519 | D:8      | Noticed a glowing orange brain
 10519 | D:8      | a two-headed ogre changed into a glowing orange brain
 10948 | D:8      | Found a roughly hewn altar of Beogh.
 11650 | D:8      | Reached skill level 5 in Fighting
 11708 | D:8      | Killed a glowing orange brain
 11708 | D:8      | Reached *** piety under Okawaru
 11708 | D:8      | Reached skill level 10 in Crossbows
 12085 | D:4      | Bought a potion of agility for 56 gold pieces
 12085 | D:4      | Bought a potion of flight for 42 gold pieces
 12085 | D:4      | Bought 2 potions of agility for 112 gold pieces
 12085 | D:4      | Bought a potion of curing for 42 gold pieces
 12085 | D:4      | Bought a potion of magic for 112 gold pieces
 12190 | D:9      | Identified the +5 ring mail of Ucloid {Dex+6 Slay-5 SInv} (You found it on level 8 of the Dungeon)
 12214 | D:9      | Noticed a two-headed ogre
 12221 | D:9      | a two-headed ogre changed into a dream sheep
 12384 | D:9      | Found a staircase to the Orcish Mines.
 12448 | D:9      | Found a blossoming altar of Fedhas.
 13035 | D:9      | Found a hazy altar of Hepliaklqana.
 13115 | D:9      | Reached skill level 11 in Crossbows
 13124 | D:9      | Received a gift from Okawaru
 13274 | D:9      | Found an ancient bone altar of Kikubaaqudgha.
 13532 | Orc:1    | Entered Level 1 of the Orcish Mines
 13532 | Orc:1    | Noticed a stone giant
 13768 | D:10     | Entered Level 10 of the Dungeon
 13866 | D:10     | Noticed a two-headed ogre
 13869 | D:10     | Noticed a shock serpent
 13869 | D:10     | a two-headed ogre changed into a shock serpent
 13879 | D:10     | Killed from afar by a shock serpent

Vault maps used:
D:1:      onia_arrival_larder, minmay_hexomino_p4
D:2:      bloody_makhleb
D:3:      first_ration, nicolae_ru_sacrificial_ziggurat, uniq_robin,
          uniq_sigmund, uniq_jessica
D:4:      lemuel_doored_altar, lemuel_round_altar, serial_shops,
          nicolae_shop_stone, enter_ossuary_4, grunt_decor_fettered, uniq_ijyb
D:5:      grunt_temple_overflow_lords_of_destruction, lemuel_crystal_altar
D:6:      kennysheep_okawaru_gauntlet, corner_web_ring, xom_teletrap_fun
D:7:      minmay_temple_entry_statues_fountains, kennysheep_generic_room_9
D:8:      old_standard_altar, special_room
D:9:      kennysheep_mini, kennysheep_mini_moat, old_standard_altar, orc_0_dummy
D:10:     minmay_firetagon, grunt_lair_entry_orc_guard_hut, hangedman_stone_soup
Orc:1:    serial_shops, nicolae_shop_statue_plus, minmay_orc_temple_a
Ossuary:  ossuary_tomb_1

Skill      XL: |  1  2  3  4  5  6  7  8  9 10 |
---------------+-------------------------------+-----
Crossbows      | 5 6 8 9 11 | 11.0
Dodging        | 3 5 6 7 9 |  9.5
Stealth        | 4 6 7 |  7.0
Fighting       | 3 4 6 |  6.3
Armour         | 2 3 |  3.0
Evocations     | 3 5 |  5.0
Shields        | 1 3 4 |  4.0

Action                   |  1- 3 |  4- 6 |  7- 9 | 10-12 || total
-------------------------+-------+-------+-------+-------++-------
Melee: Whip              |     5 |    79 |       |       ||    84
       Club              |       |    31 |   322 |       ||   353
       Shortbow          |       |       |    51 |       ||    51
       Trident           |       |       |    42 |       ||    42
 Fire: Hand crossbow     |    51 |    86 |    98 |   287 ||   522
       Shortbow          |       |       |   192 |       ||   192
Throw: Stone             |       |       |    46 |       ||    46
Invok: Heroism           |       |       |     1 |     7 ||     8
Evoke: Wand              |       |       |    37 |    15 ||    52
  Use: Scroll            |     4 |     5 |     8 |     4 ||    21
       Potion            |       |       |     6 |     3 ||     9
 Stab: Sleeping          |       |     1 |     9 |       ||    10
       Distracted        |       |       |     1 |       ||     1
  Eat: Chunk             |     5 |    11 |    18 |    15 ||    49
Armor: Leather armour    |     4 |    26 |   161 |    45 ||   236
       Ring mail         |       |    19 |   105 |       ||   124
Dodge: Dodged            |     5 |   118 |   641 |   141 ||   905
Block: Buckler           |       |       |    38 |    41 ||    79

Table legend:
 A = Spawn XP
 B = Non-spawn XP
 C = Spawn XP percentage of total XP
 D = Spawn monster count
 E = Non-spawn monster count
 F = Spawn count percentage of total count
 G = Total turns spent on level
                    A         B        C        D         E        F      G
               +---------+---------+-------+---------+---------+-------+---------
         Total |       0 |    7729 |   0.0 |       0 |     283 |   0.0 | 13879
               +---------+---------+-------+---------+---------+-------+---------
           D:1 |       0 |      65 |   0.0 |       0 |      36 |   0.0 |  1073
           D:2 |       0 |      62 |   0.0 |       0 |      22 |   0.0 |  1119
           D:3 |       0 |     382 |   0.0 |       0 |      39 |   0.0 |  1182
           D:4 |       0 |      89 |   0.0 |       0 |       9 |   0.0 |  1032
           D:5 |       0 |     563 |   0.0 |       0 |      29 |   0.0 |  1971
           D:6 |       0 |     360 |   0.0 |       0 |      15 |   0.0 |  1573
           D:7 |       0 |    1609 |   0.0 |       0 |      19 |   0.0 |  1814
           D:8 |       0 |    2083 |   0.0 |       0 |      50 |   0.0 |  1766
           D:9 |       0 |    1950 |   0.0 |       0 |      21 |   0.0 |  1587
          D:10 |       0 |     211 |   0.0 |       0 |       5 |   0.0 |   111
       Ossuary |       0 |     355 |   0.0 |       0 |      38 |   0.0 |   647
               +---------+---------+-------+---------+---------+-------+---------
